 Dungeon Crawl Stone Soup version 0.22-b1-21-g5cfc168 (webtiles) character file.

231 letownia2 the Insei (level 5, -2/37 HPs)
             Began as a Demonspawn Transmuter on Aug 5, 2018.
             Slain by an ogre
             ... wielding a +0 giant spiked club
              (25 damage)
             ... on level 4 of the Dungeon.
             The game lasted 00:08:54 (1438 turns).

letownia2 the Insei (Demonspawn Transmuter)         Turns: 1438, Time: 00:08:54

Health: -2/37      AC:  4    Str: 12    XL:     5   Next: 72%
Magic:  0/8        EV: 12    Int: 14    God:
Gold:   65         SH:  0    Dex: 13    Spells: 2/8 levels left

rFire    . . .     SeeInvis .     - Unarmed
rCold    . . .     Gourm    .   (no shield)
rNeg     . . .     Faith    .   g - +0 leather armour (curse)
rPois    .         Spirit   +   (no helmet)
rElec    .         Reflect  .   (no cloak)
rCorr    .         Harm     .   s - +0 pair of gloves
MR       .....                  (no boots)
Stlth    +.........             (no amulet)
HPRegen  0.12/turn              (no ring)
MPRegen  0.11/turn              (no ring)

@: no status effects
A: hooves 2, magic shield
a: no special abilities


You were on level 4 of the Dungeon.
You were hungry.

You visited 1 branch of the dungeon, and saw 4 of its levels.

You collected 191 gold pieces.
You spent 126 gold pieces at shops.

Inventory:

Missiles
 e - 41 sling bullets
 h - 26 bolts
 i - 2 curare-tipped needles
Armour
 c - a +0 buckler
 g - a cursed +0 leather armour (worn)
 n - a +0 ring mail
 s - a +0 pair of gloves (worn)
 t - a +0 ring mail
Wands
 q - a wand of enslavement (17)
Scrolls
 k - 2 scrolls of remove curse {unknown}
 l - a scroll of enchant weapon {unknown}
 m - a scroll of identify {unknown}
 o - 4 scrolls of teleportation
 p - a scroll of enchant armour {unknown}
 r - 3 scrolls of fog
 v - a scroll of blinking {unknown}
 w - a scroll of fear
Potions
 b - 2 potions of ambrosia {unknown}
 f - a potion of haste {unknown}
 j - 2 potions of heal wounds {unknown}
Comestibles
 d - 7 rations
 u - 3 chunks of flesh


   Skills:
 - Level 1.0 Fighting
 - Level 1.7 Dodging
 + Level 5.3 Unarmed Combat
 - Level 2.0 Spellcasting
 - Level 2.0 Transmutations
 - Level 2.2 Poison Magic


You had 2 spell levels left.
You knew the following spells:

 Your Spells              Type           Power        Failure   Level  Hunger
a - Beastly Appendage     Tmut           #.....       13%         1    ##.....
l - Sticks to Snakes      Tmut           #.......     21%         2    ###....
p - Spider Form           Tmut/Pois      #.........   36%         3    ####...

Your spell library contained the following spells:

 Spells                   Type           Power        Failure   Level  Hunger
 Blade Hands              Tmut           #.........   98%         5    ######.
 Ice Form                 Ice/Tmut       #.......     89%         4    #####..


Dungeon Overview and Level Annotations

Branches:
Dungeon (4/15)
 Temple: D:4-7

Altars:
Ashenzari
Okawaru

Shops:
D:4 ?


Innate Abilities, Weirdness & Mutations

You have hoof-like feet.
When hurt, damage is shared between your health and your magic reserves.


Message History

You closely miss the adder skeleton.
The adder skeleton is severely damaged.
Your transformation is almost over.
The adder skeleton misses you.
You hit the adder skeleton.
You destroy the adder skeleton!
j - 2 viscous brown potions (gained 1)
Your horns disappear.
Your magical contamination has completely faded away.
An ogre comes into view. It is wielding a giant spiked club.
The ogre shouts!
You hear a shout!
An ogre is nearby!
An ogre comes into view. It is wielding a giant spiked club.
The ogre shouts!
Casting: Beastly Appendage (safe; 13% risk of failure)
Confirm with . or Enter, or press ? or * to list all spells.
You create a snake!
You now have no arrows remaining.
The ogre hits you with a giant spiked club!!
Ouch! That really hurt!
You die...

### ..# #.# #
############.##.#
#####...............#
#........#######.####
#.###.##.# #O# #.#
#.##.# #O# #.# #.##.#
#@# ... #.##.# #.#
#[# #.##.# #S#
......##.# #.#
#.#.####.# #.# ...#
#.# #.# #.# #.# #.#
..######.# #.#
.........######


You could see 2 ogres and a friendly adder.

Vanquished Creatures
  A howler monkey (D:3)
  A hound (D:4)
  A worker ant (D:4)
  An orc wizard (D:4)
  4 adders
  An ooze (D:4)
  An adder skeleton (D:4)
  An adder zombie (D:2)
  3 worms (D:2)
  2 dart slugs (D:2)
  2 leopard geckos (D:2)
  3 orcs
  5 bats
  3 giant cockroaches
  A goblin (D:2)
  3 hobgoblins (D:2)
  A quokka (D:4)
  A ball python (D:4)
  A frilled lizard (D:2)
  A jackal skeleton (D:4)
  5 kobolds
  7 rats
49 creatures vanquished.

Vanquished Creatures (collateral kills)
  A worker ant (D:4)
  An adder (D:2)
  An orc (D:4)
  A bat (D:2)
  A quokka (D:2)
5 creatures vanquished.

Grand Total: 54 creatures vanquished

Notes
Turn   | Place    | Note
-------+----------+-------------------------------------------
     0 | D:1      | letownia2 the Demonspawn Transmuter began the quest for the Orb.
     0 | D:1      | Reached XP level 1. HP: 15/15 MP: 3/3
   147 | D:1      | Reached skill level 3 in Unarmed Combat
   229 | D:2      | Lost mutation: You have claws for feet. [demonic ancestry]
   229 | D:2      | Lost mutation: You have razor-sharp toenails. [demonic ancestry]
   229 | D:2      | Lost mutation: You have sharp toenails. [demonic ancestry]
   229 | D:2      | Gained mutation: You have large cloven feet. [demonic ancestry]
   229 | D:2      | Reached XP level 2. HP: 8/21 MP: 3/5
   325 | D:2      | Learned a level 2 spell: Sticks to Snakes
   529 | D:2      | Gained mutation: You have hoof-like feet. [demonic ancestry]
   529 | D:2      | Reached XP level 3. HP: 18/26 MP: 2/6
   533 | D:2      | Reached skill level 4 in Unarmed Combat
   546 | D:2      | Learned a level 3 spell: Spider Form
   697 | D:3      | Found a shattered altar of Ashenzari.
   707 | D:3      | Gained mutation: When hurt, damage is shared between your health and your magic reserves. [demonic ancestry]
   707 | D:3      | Reached XP level 4. HP: 32/32 MP: 3/7
   750 | D:3      | Reached skill level 1 in Poison Magic
   786 | D:2      | Found an iron altar of Okawaru.
   986 | D:4      | Reached XP level 5. HP: 28/37 MP: 1/8
  1041 | D:4      | Reached skill level 5 in Unarmed Combat
  1356 | D:4      | Found Pejap's Magic Scroll Shoppe.
  1378 | D:4      | Bought a scroll of teleportation for 33 gold pieces
  1378 | D:4      | Bought a scroll of teleportation for 33 gold pieces
  1378 | D:4      | Bought a scroll of fog for 22 gold pieces
  1378 | D:4      | Bought a scroll of fear for 38 gold pieces
  1433 | D:4      | Noticed an ogre
  1434 | D:4      | Noticed an ogre
  1438 | D:4      | Slain by an ogre

Skill      XL: |  1  2  3  4  5 |
---------------+----------------+-----
Unarmed Combat | 3 4 5 |  5.3
Poison Magic   | 1 2 |  2.2
Transmutations | 2 |  2.0
Fighting       | |  1.0
Dodging        | |  1.7
Spellcasting   | |  2.0

Action                   |  1- 3 |  4- 6 || total
-------------------------+-------+-------++-------
Melee: Unarmed           |    93 |    92 ||   185
       Kick              |    23 |    14 ||    37
       Headbutt          |     9 |     7 ||    16
 Cast: Beastly Appendage |    18 |    14 ||    32
       Sticks to Snakes  |     4 |     8 ||    12
  Use: Potion            |     1 |     1 ||     2
 Stab: Sleeping          |     1 |       ||     1
       Distracted        |       |     2 ||     2
  Eat: Chunk             |       |     3 ||     3
Armor: Robe              |     8 |       ||     8
       Leather armour    |    19 |    12 ||    31
Dodge: Dodged            |    63 |    49 ||   112
